 Dungeon Crawl Stone Soup version 0.31.0-32-g396128a36d (webtiles) character file.

Game seed: 11328275364374330355

67 mainiacjoe the Caller (level 4, -2/27 HPs)
             Began as an Octopode Summoner on Mar 25, 2024.
             Slain by a goblin
             ... wielding a +0 dagger
             ... led by Robin
              (6 damage)
             ... on level 2 of the Dungeon.
             The game lasted 00:07:52 (2188 turns).

mainiacjoe the Caller (Octopode Summoner)           Turns: 2188, Time: 00:07:53

Health: -2/27      AC:  1    Str:  7    XL:     4   Next: 18%
Magic:  3/7        EV: 13    Int: 19    God:
Gold:   29         SH:  0    Dex: 12    Spells: 2/7 levels left

rFire   . . .        b - +2 sling (flame)
rCold   . . .        (no shield)
rNeg    . . .        (helmet restricted)
rPois   .            (no amulet)
rElec   .            (no ring)
rCorr   .            (no ring)
SInv    .            (no ring)
Will    .....        (no ring)
Stlth   +++          (no ring)
HPRegen 0.24/turn    (no ring)
MPRegen 0.10/turn    (no ring)
                     (no ring)

%: no passive effects
@: inugami summoned
A: almost no armour, amphibious, 8 rings, camouflage 1, gelatinous body 1,
(nimble swimmer 1), tentacles
a: no special abilities


You were on level 2 of the Dungeon.
You visited 1 branch of the dungeon, and saw 2 of its levels.

You collected 57 gold pieces.
You spent 28 gold pieces at shops.

Inventory:

Hand Weapons
 a - a +1 spear
 b - a +2 sling of flaming (weapon)
Missiles
 d - 25 stones
Scrolls
 g - a scroll of amnesia
Potions
 c - a potion of magic
 e - 2 potions of curing
 f - 2 potions of haste {unknown}
 h - a potion of brilliance {unknown}


   Skills:
 + Level 0.2 Polearms
 + Level 2.6 Dodging
 + Level 3.8 Stealth
 - Level 2.0 Spellcasting
 * Level 4.8 Summonings


You had 2 spell levels left.
You knew the following spells:

 Your Spells              Type           Power      Damage    Failure   Level
b - Call Imp              Summ           40%        N/A       3%          2
c - Call Canine Familiar  Summ           20%        N/A       7%          3

Your spell library contained the following spells:

 Spells                   Type           Power      Damage    Failure   Level
 Summon Small Mammal      Summ           80%        N/A       2%          1
 Fugue of the Fallen      Necr           1%         N/A       45%         3
 Gell's Gravitas          Tloc           1%         N/A       45%         3
 Ozocubu's Armour         Ice            1%         N/A       45%         3
 Teleport Other           Tloc           1%         N/A       45%         3
 Summon Blazeheart Golem  Fire/Summ      11%        N/A       52%         4
 Summon Lightning Spire   Summ/Air       11%        N/A       52%         4
 Manifold Assault         Tloc           1%         N/A       86%         4
 Dispersal                Tloc           0%         N/A       100%        6


Dungeon Overview and Level Annotations

Branches:
Dungeon (2/15)

Altars:
Dithmenos

Shops:
D:1 :(?(=

Annotations:
D:2 1 runed translucent door, Crazy Yiuf, Robin


Innate Abilities, Weirdness & Mutations

You cannot wear most types of armour.
You are amphibious.
You can wear up to eight rings at the same time.
Your skin changes colour to match your surroundings (Stealth+).
Your rubbery body absorbs attacks. (AC +1, EV +1)
((You are camouflaged when in or above water. (Stealth+)))
You have tentacles for arms and can constrict up to eight enemies at once.


Message History

Your inugami barely misses Robin.
Press: ? - help, v - describe, . - travel
Here: Robin, wielding a +0 spectral club, wearing a +0 animal skin, wearing a +0 helmet and carrying a wand of flame (ally target)
The floor.
Unknown command.
You aren't carrying any items that you can evoke.
Unknown command.
Your +2 sling of flaming bursts into flame!
b - a +2 sling of flaming (weapon)
You shoot a sling bullet. The sling bullet closely misses Robin.
Your cerulean imp closely misses Robin.
Your inugami hits Robin but does no damage.
Your cerulean imp hits Robin from afar with a -2 spear.
You shoot a sling bullet.
The sling bullet hits Robin but does no damage.
Robin is moderately wounded.
Robin throws the goblin at you!
Your cerulean imp hits Robin but does no damage.
The goblin hits you with a +0 dagger.
The goblin closely misses your cerulean imp.
Your inugami hits Robin but does no damage.
Robin zaps a wand.
The puff of flame hits you!
Your cerulean imp closely misses Robin.
The goblin hits your cerulean imp with a +0 dagger.
Your inugami misses Robin.
Robin zaps a wand.
The puff of flame misses you.
There is an open door here.
Your cerulean imp hits Robin but does no damage.
The goblin hits your cerulean imp with a +0 dagger.
Your inugami hits Robin but does no damage.
Your cerulean imp hits the goblin with a -2 spear.
The goblin barely misses your cerulean imp.
Robin zaps a wand.
The puff of flame hits you!
* * * LOW HITPOINT WARNING * * *
Your inugami hits Robin.
Robin hits your inugami but does no damage.
The +0 spectral club hits your inugami.
A +0 spectral club comes into view.
There is a stone staircase leading up here.
The goblin hits you with a +0 dagger.
You die...

#...#
#......†###......#####
....#
#.#####..#......## #
#...# #.###..##.##...##
# ##.##
#.......###.#.## # #.#
#.###.#..#.##.# # #.#
#.........###.# # #.#
#.###.#.#####+## # #.#
#.# #.#.# ##...##
##.#####
#.###@#.###.....##
.......#
#.#.#g#.##.......## #
...###.#
#.......#.........####
..## ###
#######.'.........'...
.## ###gh.......#### .#
♣♣♣♣♣#####(......## #
.##
♣♣♣.♣..#.##..5....##
..# ♣..♣........##g.†##
###
#g..+.♣♣♣♣......####'##


You could see a goblin (strong).

Vanquished Creatures
  An adder (D:2)
  A ribbon worm (D:2)
  4 endoplasms
  A giant cockroach (D:1)
  3 goblins
  2 hobgoblins (D:2)
  A quokka (D:1)
  A ball python (D:1)
  8 bats
  A frilled lizard (D:2)
  2 kobolds (D:1)
  4 rats
29 creatures vanquished.

Vanquished Creatures (collateral kills)
  A ribbon worm (D:2)
  2 bats (D:1)
  An endoplasm (D:1)
  2 giant cockroaches (D:1)
  3 hobgoblins
  A quokka (D:1)
  3 ball pythons
  4 goblins
  2 kobolds (D:2)
19 creatures vanquished.

Grand Total: 48 creatures vanquished

Notes
Turn   | Place    | Note
-------+----------+-------------------------------------------
     0 | D:1      | mainiacjoe the Octopode Summoner began the quest for the
                  | Orb.
     0 | D:1      | Reached XP level 1. HP: 11/11 MP: 3/3
   111 | D:1      | Found Ufarru's Weapon Shop.
   150 | D:1      | Reached XP level 2. HP: 16/17 MP: 3/5
   156 | D:1      | Learned a level 2 spell: Call Imp
   232 | D:1      | Found Jouph's Magic Scroll Emporium.
   233 | D:1      | Found Anatityj's Antique Weapon Boutique.
   548 | D:1      | Found Joask's Book Emporium.
   569 | D:1      | Reached XP level 3. HP: 20/21 MP: 6/6
   573 | D:1      | Learned a level 3 spell: Call Canine Familiar
   574 | D:1      | Found a faded altar of an unknown god.
   762 | D:1      | Found Zoraturu's Jewellery Shoppe.
   954 | D:1      | Bought a scroll of identify for 28 gold pieces
  1620 | D:2      | Found a shadowy altar of Dithmenos.
  1625 | D:2      | Reached XP level 4. HP: 27/27 MP: 7/7
  2116 | D:2      | Found a runed translucent door.
  2117 | D:2      | Noticed Crazy Yiuf
  2173 | D:2      | Noticed Robin
  2188 | D:2      | Slain by a goblin

Illustrated notes

Levels and vault maps discovered:
D:1:      dpeg_arrival_tiny_g, layout_basic, chequers_ecumenical_altar_grove,
          serial_shops, shop, nicolae_shop_hallway_plus, shop,
          nicolae_shop_peninsula, shop
D:2:      layout_loops_corners, basic_altar, uniq_robin, uniq_crazy_yiuf_cottage

Skill      XL: |  1 |
---------------+----+-----
Stealth        | 3 |  3.8
Polearms       | |  0.2
Dodging        | |  2.6
Spellcasting   | |  2.0
Summonings     | |  4.8

Action                     |  1- 3 |  4- 6 || total
---------------------------+-------+-------++-------
  Melee: Spear             |    54 |     7 ||    61
         Tentacles         |     7 |       ||     7
         Constrict         |     6 |     1 ||     7
         Punch             |     1 |       ||     1
   Fire: Sling             |       |     2 ||     2
   Cast: Summon Small Mamm |    16 |       ||    16
         Call Imp          |     8 |     3 ||    11
         Call Canine Famil |     2 |     2 ||     4
    Use: Scroll            |     5 |       ||     5
   Stab: Sleeping          |    10 |     3 ||    13
         Distracted        |     1 |       ||     1
 Armour: Skin              |    13 |     9 ||    22
  Dodge: Dodged            |    24 |     1 ||    25
